 Dungeon Crawl Stone Soup version 0.29.1-2-gbd0b4ee654 (webtiles) character file.

Game seed: 5612386514376517811

93 warriortoast the Conjurer (level 4, 0/24 HPs)
             Began as a Deep Elf Conjurer on Oct 25, 2022.
             Killed from afar by Natasha (12 damage)
             ... with a magic dart
             ... on level 3 of the Dungeon.
             The game lasted 00:02:25 (2344 turns).

warriortoast the Conjurer (Deep Elf Conjurer)       Turns: 2344, Time: 00:02:26

Health: 0/24       AC:  3    Str:  4    XL:     4   Next: 37%
Magic:  7/12       EV: 12    Int: 25    God:
Gold:   190        SH:  0    Dex: 13    Spells: 8/12 levels left

rFire   . . .      SeeInvis +   (no weapon)
rCold   . . .      Faith    .   (no shield)
rNeg    . . .      Spirit   .   a - +0 robe
rPois   .          Reflect  .   (no helmet)
rElec   .          Harm     .   (no cloak)
rCorr   .          Rampage  .   j - +0 pair of gloves
Will    .....                   (no boots)
Stlth   ++........              (no amulet)
HPRegen 0.08/turn               f - ring of see invisible
MPRegen 0.13/turn               (no ring)

@: slowed, very slow
A: no striking features
a: no special abilities


You were on level 3 of the Dungeon.
You visited 1 branch of the dungeon, and saw 3 of its levels.

You collected 190 gold pieces.

Inventory:

Armour
 a - a +0 robe (worn)
 j - a +0 pair of gloves (worn)
Jewellery
 f - a ring of see invisible (left hand)
Wands
 r - a wand of flame (20)
Scrolls
 c - a scroll of noise {unknown}
 e - a scroll of magic mapping {unknown}
 g - 2 scrolls of teleportation {unknown}
 h - 2 scrolls of immolation {unknown}
 l - 2 scrolls of summoning {unknown}
 n - a scroll of identify {unknown}
 p - a scroll of vulnerability {unknown}
Potions
 b - a potion of magic
 d - 2 potions of attraction {unknown}
 i - 2 potions of curing {unknown}
 k - 3 potions of might {unknown}
 m - 4 potions of flight {unknown}
 o - 2 potions of heal wounds {unknown}
 q - 2 potions of lignification {unknown}


   Skills:
 - Level 2.4 Dodging
 - Level 2.4 Stealth
 + Level 4.7 Spellcasting
 + Level 5.3 Conjurations
 + Level 1.9 Hexes


You had 8 spell levels left.
You knew the following spells:

 Your Spells              Type           Power      Damage    Failure   Level
a - Magic Dart            Conj           100%       1d8       1%          1
b - Dazzling Flash        Conj/Hex       48%        N/A       6%          3

Your spell library contained the following spells:

 Spells                   Type           Power      Damage    Failure   Level
 Searing Ray              Conj           64%        2d6       1%          2
 Poisonous Vapours        Pois/Air       10%        N/A       13%         2
 Inner Flame              Hex/Fire       10%        N/A       17%         3
 Fulminant Prism          Conj/Hex       12%        3d9       19%         4
 Iskenderun's Mystic Bla  Conj/Tloc      19%        2d6       28%         4
 Cause Fear               Hex            7%         N/A       36%         4
 Corpse Rot               Necr/Pois/Air  5%         N/A       63%         4
 Discord                  Hex            7%         N/A       100%        8


Dungeon Overview and Level Annotations

Branches:
Dungeon (3/15)

Altars:
Qazlal

Annotations:
D:3 2 transporters, Natasha


Message History

r - a wand of flame (20) Natasha and a goblin come into view.
Found 11 gold pieces.
The magic dart hits Natasha!
Natasha is heavily wounded.
Natasha hisses angrily.
The goblin shouts!
Natasha stares at you and mumbles some strange words.
You feel yourself slow down.
The magic dart hits Natasha.
Natasha is almost dead.
Natasha mewls in sadness.
Natasha mumbles some strange words.
The magic dart hits the shadow imp.
The shadow imp is moderately wounded.
The magic dart hits the shadow imp.
The shadow imp is almost dead.
The shadow imp hits you.
Natasha casts a spell.
The shadow imp hits you.
The magic dart hits the shadow imp but does no damage.
The shadow imp is almost dead.
Natasha mumbles some strange words.
The shadow imp hits you but does no damage.
The magic dart hits the shadow imp.
You kill the shadow imp!
The shadow imp disappears in a puff of smoke!
Natasha claws you.
You are too injured to fight recklessly!
You are too injured to fight recklessly!
You are too injured to fight recklessly!
Unknown command.
Natasha attacks as you move away! Natasha closely misses you.
Natasha mewls in sadness.
Natasha mumbles some strange words.
The shadow imp attacks as you move away!
The shadow imp misses you. Natasha casts a spell at you.
The magic dart hits you!
Ouch! That really hurt!
You die...

#......#.#..........#.##
#####.##.#......<...#..#
#........#..#.########.#
###.#.#######.# #..
#...#....(..# ##.
#.#.#.####### ##
######5##### #
#.......hg5#
#.####@###5#
#.#......#.#
#.##.#.#.#..
#.##.#.#>#..h
#.##.#.#.#g...
#.##...#.#....#
#.######.#$...#
#........# .# ##########
..# #####


You could see Natasha, a crimson imp (summoned), a shadow imp (summoned) and a
goblin.

Vanquished Creatures
  6 adders
  5 ball pythons
  5 bats
  5 endoplasms
  2 giant cockroaches
  2 goblins
  3 hobgoblins
  5 kobolds
  2 quokkas
  3 frilled lizards
  2 rats (D:3)
40 creatures vanquished.

Notes
Turn   | Place    | Note
-------+----------+-------------------------------------------
     0 | D:1      | warriortoast the Deep Elf Conjurer began the quest for the
                  | Orb.
     0 | D:1      | Reached XP level 1. HP: 10/10 MP: 6/6
   157 | D:1      | Reached XP level 2. HP: 15/15 MP: 3/8
   854 | D:2      | Reached skill level 5 in Conjurations
   854 | D:2      | Reached XP level 3. HP: 19/19 MP: 5/10
   858 | D:2      | Learned a level 3 spell: Dazzling Flash
  1188 | D:2      | Reached skill level 1 in Hexes
  1572 | D:2      | Reached XP level 4. HP: 24/24 MP: 8/12
  1778 | D:3      | Found a faded altar of an unknown god.
  1907 | D:3      | Found a stormy altar of Qazlal.
  1995 | D:3      | Found a transporter.
  2175 | D:3      | Found a transporter.
  2334 | D:3      | Noticed Natasha
  2344 | D:3      | Killed from afar by Natasha

Illustrated notes

Levels and vault maps discovered:
D:1:      onia_arrival_mini_spirals, layout_rooms
D:2:      layout_basic, minmay_pentomino_pile
D:3:      gammafunk_steamed_eel, layout_basic,
          mainiacjoe_overflow_six_doors_small,
          hellmonk_ecumenical_altar_heavens_door, uniq_natasha

Skill      XL: |  1  2  3 |
---------------+----------+-----
Spellcasting   | 4 |  4.7
Conjurations   | 5 |  5.3
Hexes          | 1 |  1.9
Dodging        | |  2.4
Stealth        | |  2.4

Action                   |  1- 3 |  4- 6 || total
-------------------------+-------+-------++-------
 Cast: Magic Dart        |    58 |    26 ||    84
Armor: Robe              |       |     1 ||     1
Dodge: Dodged            |     2 |     2 ||     4
